 Dungeon Crawl Stone Soup version 0.28-a0-268-g3f656e82c2 (webtiles) character file.

Game seed: 14185935611609036728

56 Sweetruy1997 the Grave Robber (level 3, -9/24 HPs)
             Began as a Mummy Necromancer on Aug 25, 2021.
             Mangled by Sigmund (10 damage)
             ... on level 2 of the Dungeon on Aug 29, 2021.
             The game lasted 00:06:04 (2002 turns).

Sweetruy1997 the Grave Robber (Mummy Necromancer)   Turns: 2002, Time: 00:06:05

Health: -9/24      AC:  2    Str: 11    XL:     3   Next: 69%
Magic:  1/8        EV: 12    Int: 15    God:
Gold:   69         SH:  0    Dex: 12    Spells: 1/9 levels left

rFire   x . .      SeeInvis .   b - +0 club
rCold   + . .      Faith    .   (no shield)
rNeg    + + +      Spirit   .   a - +0 robe
rPois   ∞          Reflect  .   (no helmet)
rElec   .          Harm     .   (no cloak)
rCorr   .          Rampage  .   (no gloves)
Will    .....                   (no boots)
Stlth   ++........              (no amulet)
HPRegen 0.08/turn               (no ring)
MPRegen 0.11/turn               (no ring)

@: no status effects
A: cold resistance 1, negative energy resistance 3, torment resistance 2, heat
vulnerability 1, no potions
a: no special abilities


You were on level 2 of the Dungeon.
You visited 1 branch of the dungeon, and saw 2 of its levels.

You collected 69 gold pieces.

Inventory:

Hand Weapons
 b - a +0 club (weapon)
Missiles
 c - 18 stones
Armour
 a - a +0 robe (worn)
Scrolls
 d - a scroll of identify {unknown}


   Skills:
 + Level 1.6 Dodging
 + Level 1.7 Stealth
 + Level 3.8 Spellcasting
 + Level 4.6 Necromancy
 + Level 0.5 Earth Magic


You had one spell level left.
You knew the following spells:

 Your Spells              Type           Power      Damage    Failure   Level
a - Pain                  Necr           64%        1d7       2%          1
b - Animate Skeleton      Necr           32%        N/A       2%          1
c - Sandblast             Erth           8%         2d5       16%         1
d - Passwall              Tmut/Erth      2%         N/A       26%         2
e - Vampiric Draining     Necr           8%         2d7       9%          3

Your spell library contained the following spells:

 Spells                   Type           Power      Damage    Failure   Level
 Animate Dead             Necr           8%         N/A       26%         4
 Agony                    Necr           16%        N/A       58%         5
 Hailstorm                Conj/Ice       2%         3d3       88%         4
 Lee's Rapid Deconstruct  Erth           2%         3d5*      99%         5
 Simulacrum               Ice/Necr       4%         N/A       100%        6
 Ice Form                 Ice/Tmut       Unusable   N/A       N/A         4

Dungeon Overview and Level Annotations

Branches:
Dungeon (2/15)

Altars:

Annotations:
D:2 Sigmund


Innate Abilities, Weirdness & Mutations

You are immune to poison.
Your flesh is cold resistant. (rC+)
You are immune to negative energy. (rN+++)
You are immune to unholy pain and torment.
You are vulnerable to heat. (rF-)
You do not drink.


Message History

Casting: Sandblast (safe; 16% risk of failure)
Confirm with . or Enter, or press ? or * to list all spells.
Aiming: Sandblast (safe; 16% risk of failure)
Press: ? - help, Shift-Dir - straight line, f/p - adder
Aim: an adder (severely wounded, 63% to hit)
The blast of sand hits the adder!
You kill the adder!
c - 18 stones Sigmund hits you from afar with a +0 scythe!
Casting: Sandblast (safe; 16% risk of failure)
Confirm with . or Enter, or press ? or * to list all spells.
The spell is quite dangerous to cast (9% risk of failure)!
Continue anyway?
Aiming: Vampiric Draining (quite dangerous; 9% risk of failure)
Press: ? - help, Shift-Dir - straight line, f - Sigmund
Aim: Sigmund, wielding a +0 scythe and wearing a +0 robe You draw life force from Sigmund!
You feel life coursing into your body. Sigmund hits you with a +0 scythe!
Ouch! That really hurt!
* * * LOW HITPOINT WARNING * * *
Casting: Vampiric Draining (quite dangerous; 9% risk of failure)
Confirm with . or Enter, or press ? or * to list all spells.
You don't have enough magic to cast this spell.
Casting: Vampiric Draining (quite dangerous; 9% risk of failure)
Confirm with . or Enter, or press ? or * to list all spells.
Aiming: Pain (safe; 2% risk of failure)
Press: ? - help, Shift-Dir - straight line, f/p - Sigmund
Aim: Sigmund, wielding a +0 scythe and wearing a +0 robe (heavily wounded, chance to affect: 81%) Sigmund writhes in agony.
Sigmund barely misses you.
You can't drink.
You closely miss Sigmund.
Sigmund is severely wounded.
Sigmund hits you with a +0 scythe.
* * * LOW HITPOINT WARNING * * *
Unknown command.
You hit Sigmund.
Sigmund is severely wounded.
You hit Sigmund but do no damage.
Sigmund is severely wounded.
Sigmund hits you with a +0 scythe!
You die...

.......##.#
......###.#
......###.#######
#####...........#
#..##.#####.#
#...#.# #.#
#.#.#.# #.#
#.#...# #.######
#.##..# #.@@...#
#.##..# ######.#
#.##..#


You could see Sigmund.

Vanquished Creatures
  2 adders (D:2)
  A worm (D:2)
  2 bats (D:2)
  8 endoplasms
  A giant cockroach (D:1)
  5 goblins
  A quokka (D:1)
  3 ball pythons (D:1)
  3 frilled lizards
  3 kobolds (D:1)
  4 rats
33 creatures vanquished.

Notes
Turn   | Place    | Note
-------+----------+-------------------------------------------
     0 | D:1      | Sweetruy1997 the Mummy Necromancer began the quest for the
                  | Orb.
     0 | D:1      | Reached XP level 1. HP: 13/13 MP: 4/4
   229 | D:1      | Learned a level 1 spell: Animate Skeleton
   231 | D:1      | Learned a level 1 spell: Sandblast
   526 | D:1      | Reached XP level 2. HP: 16/19 MP: 0/6
   574 | D:1      | Upgraded the game from 0.28-a0-247-gb8bfbab023 to
                  | 0.28-a0-265-g048bc9fd10
   965 | D:1      | Upgraded the game from 0.28-a0-265-g048bc9fd10 to
                  | 0.28-a0-268-g3f656e82c2
  1294 | D:1      | Learned a level 2 spell: Passwall
  1311 | D:2      | Reached XP level 3. HP: 13/24 MP: 0/7
  1368 | D:2      | Learned a level 3 spell: Vampiric Draining
  1993 | D:2      | Noticed Sigmund
  2000 | D:2      | HP: 1/24 [Sigmund (6)]
  2002 | D:2      | Mangled by Sigmund

Illustrated notes

Levels and vault maps discovered:
D:1:      roderic_octagonal_star, layout_basic
D:2:      layout_basic, basic_altar, uniq_sigmund

Skill      XL: |  1 |
---------------+----+-----
Spellcasting   | 3 |  3.8
Dodging        | |  1.6
Stealth        | |  1.7
Necromancy     | |  4.6
Earth Magic    | |  0.5

Action                   || total
-------------------------++-------
Melee: Club              ||    12
 Cast: Pain              ||    44
       Sandblast         ||    33
       Animate Skeleton  ||     2
       Vampiric Draining ||     1
Armor: Robe              ||     5
Dodge: Dodged            ||    34

Table legend: (Time is in decaauts)
 A = Elapsed time spent in this place.
 B = Non-inter-level travel time spent in this place.
 C = Inter-level travel time spent in this place.
 D = Time resting spent in this place.
 E = Time spent auto-exploring this place.
 F = Levels seen in this place.
 G = Mean time per level.
                   A        B        C        D        E       F      G
               +--------+--------+--------+--------+--------+-----+--------+
         Total |   2004 |   1990 |     14 |    169 |   1593 |   2 | 1002.0 |
       Dungeon |   2004 |   1990 |     14 |    169 |   1593 |   2 | 1002.0 |
               +--------+--------+--------+--------+--------+-----+--------+

Top non-repeatable levels by time:
     D:1: 1296 daAuts
     D:2: 707 daAuts
